 Dungeon Crawl Stone Soup version 0.25-a0-42-g6c54e25 (webtiles) character file.

Game seed: 5677875797512785035, levelgen mode: deterministic

1688 stealthycow the Covert (level 8, -1/36 HPs)
             Began as a Spriggan Enchanter on Oct 22, 2019.
             Was an Initiate of Dithmenos.
             Killed from afar by an orc wizard (7 damage)
             ... with a magic dart
             ... on level 6 of the Dungeon.
             The game lasted 00:28:12 (9738 turns).

stealthycow the Covert (Spriggan Enchanter)         Turns: 9738, Time: 00:28:12

Health: -1/36      AC:  2    Str:  4    XL:     8   Next: 71%
Magic:  15/17      EV: 23    Int: 17    God:    Dithmenos [......]
Gold:   290        SH:  0    Dex: 18    Spells: 12/18 levels left

rFire    . . .     SeeInvis +   a - +1 dagger (drain)
rCold    . . .     Gourm    .   (shield restricted)
rNeg     . . .     Faith    .   o - +0 robe
rPois    .         Spirit   .   (helmet restricted)
rElec    .         Reflect  .   (no cloak)
rCorr    .         Harm     .   (gloves unavailable)
MR       +....                  (boots unavailable)
Stlth    ++++......             (no amulet)
HPRegen  0.12/turn              (no ring)
MPRegen  0.15/turn              (no ring)

@: very quick
A: very small, unfitting armour, see invisible, herbivore, speed 3, slow
metabolism 2
a: Renounce Religion


You were on level 6 of the Dungeon.
You worshipped Dithmenos.
Dithmenos was noncommittal.
You were near starving.

You visited 2 branches of the dungeon, and saw 7 of its levels.

You collected 290 gold pieces.

Inventory:

Hand Weapons
 a - a +1 dagger of draining (weapon)
 t - a +0 rapier
Missiles
 c - 287 stones (quivered)
Armour
 o - a +0 robe (worn)
Wands
 j - a wand of polymorph (19)
 l - a wand of digging (2)
Scrolls
 b - a scroll of remove curse
 m - 3 scrolls of teleportation
Potions
 e - a potion of invisibility
 f - a potion of might
 g - a potion of brilliance
 h - 2 potions of lignification
 i - a potion of agility
 k - 2 potions of haste
 n - a potion of mutation
 p - a potion of magic {unknown}
 q - a potion of heal wounds {unknown}
 r - 4 potions of curing
 s - a potion of flight
Comestibles
 d - 8 rations


   Skills:
 * Level 6.8 Short Blades
 + Level 6.9 Dodging
 + Level 8.2 Stealth
 + Level 5.8 Spellcasting
 + Level 6.3 Hexes
 - Level 2.0 Ice Magic


You had 12 spell levels left.
You knew the following spells:

 Your Spells              Type           Power        Failure   Level  Hunger
a - Corona                Hex            ####...      1%          1    None
b - Ensorcelled Hibernat  Hex/Ice        ###...       3%          2    #......
c - Confuse               Hex            ####....     2%          3    ##.....

Your spell library contained the following spells:

 Spells                   Type           Power        Failure   Level  Hunger
 Tukima's Dance           Hex            ####....     2%          3    ##.....
 Dazzling Spray           Conj/Hex       ###...       11%         3    ##.....


Dungeon Overview and Level Annotations

Branches:
Dungeon (6/15)             Temple (1/1) D:5

Altars:
Ashenzari
Cheibriados
Dithmenos
Elyvilon
Fedhas
Gozag
Hepliaklqana
Kikubaaqudgha
Makhleb
Okawaru
Qazlal
Ru
Sif Muna
Trog
Uskayaw
Vehumet
Wu Jian
Xom
Yredelemnul
Zin
The Shining One


Innate Abilities, Weirdness & Mutations

You are very small and have problems with some larger weapons.
You are too small for most types of armour.
You have supernaturally acute eyesight. (SInv)
You are a herbivore.
You cover ground extremely quickly.
You need to consume almost no food.


Message History

You hit the orc wizard but do no damage.
You drain the orc wizard.
The orc wizard is severely wounded.
The orc wizard casts a spell at you. The puff of flame hits you!
* * * LOW HITPOINT WARNING * * *
You hit the orc wizard.
The orc wizard is severely wounded.
The orc wizard casts a spell at you. The magic dart hits you.
* * * LOW HITPOINT WARNING * * *
Casting: Confuse (safe; 2% risk of failure)
Confirm with . or Enter, or press ? or * to list all spells.
Aiming: Ensorcelled Hibernation (safe; 3% risk of failure)
Press: ? - help, Shift-Dir - straight line, f - orc wizard
Aim: an orc wizard, wielding a +0 dagger and wearing a +0 robe (severely wounded, heavily drained, chance to defeat MR: 62%)
The orc wizard resists with significant effort.
The orc wizard casts a spell at you. The magic dart hits you!
You die...

.########............#######.####
.................................
.................)...###..###.###
........)####......### #..##...##
.........# #.###### #.##.....#
.........# #.#### #.#.......
.........####....#######....._...
####...).........#.......#.......
#............@o.......##.....#
#............##.######.##...##
#.....<.........# #..##.##
#.............### ##....#
#.............# ######
#.............# #............##
#............# #.............o


You could see an orc wizard.

Vanquished Creatures
  Eustachio (D:6)
  Duvessa (D:6)
  A water moccasin (D:5)
  An orc warrior (D:6)
  2 sky beasts (D:6)
  An ogre (D:5)
  3 bullfrogs
  Dowan (D:6)
  A crimson imp (D:5)
  A bullfrog skeleton (D:5)
  A jelly (D:6)
  5 orc wizards
  3 orc priests
  A hound (D:6)
  An iguana (D:5)
  2 worker ants
  A hound zombie (D:5)
  A hound skeleton (D:5)
  3 gnolls (D:2)
  10 adders
  A shadow imp (D:6)
  An ooze (D:2)
  2 adder skeletons
  7 worms
  2 dart slugs (D:1)
  3 leopard geckos
  16 orcs
  8 bats
  7 giant cockroaches
  10 goblins
  10 hobgoblins
  14 jackals
  8 kobolds
  3 quokkas
  2 ball pythons
  A ball python zombie (D:5)
  5 frilled lizards
  11 rats
152 creatures vanquished.

Notes
Turn   | Place    | Note
-------+----------+-------------------------------------------
     0 | D:1      | stealthycow the Spriggan Enchanter began the quest for the
                  | Orb.
     0 | D:1      | Reached XP level 1. HP: 9/9 MP: 5/5
   225 | D:1      | Reached XP level 2. HP: 13/13 MP: 6/6
   231 | D:1      | Learned a level 2 spell: Ensorcelled Hibernation
   918 | D:1      | Reached XP level 3. HP: 11/16 MP: 8/8
   973 | D:1      | Learned a level 3 spell: Confuse
  2231 | D:2      | Reached skill level 5 in Stealth
  2545 | D:2      | Reached XP level 4. HP: 21/21 MP: 4/9
  3038 | D:2      | Found a basalt altar of Yredelemnul.
  3622 | D:2      | Reached XP level 5. HP: 17/24 MP: 11/11
  4018 | D:3      | Reached skill level 1 in Ice Magic
  5670 | D:4      | Reached XP level 6. HP: 28/28 MP: 7/12
  6084 | D:4      | Reached skill level 6 in Stealth
  6486 | D:4      | Reached skill level 5 in Dodging
  6831 | D:5      | Entered Level 5 of the Dungeon
  6832 | D:5      | Reached skill level 5 in Hexes
  6832 | D:5      | Reached XP level 7. HP: 32/32 MP: 14/14
  7317 | D:5      | Found a staircase to the Ecumenical Temple.
  7334 | Temple   | Entered the Ecumenical Temple
  7554 | Temple   | Became a worshipper of Dithmenos the Shadowed
  7856 | D:5      | Reached skill level 5 in Short Blades
  8480 | D:6      | Found a white marble altar of Elyvilon.
  8530 | D:6      | Found a burning altar of Makhleb.
  8538 | D:6      | Reached skill level 7 in Stealth
  8538 | D:6      | Reached skill level 5 in Spellcasting
  8748 | D:6      | Reached XP level 8. HP: 36/36 MP: 9/16
  8904 | D:6      | Noticed Eustachio
  9378 | D:6      | Killed Eustachio
  9432 | D:6      | Found a hazy altar of Hepliaklqana.
  9434 | D:6      | Found a shattered altar of Ashenzari.
  9441 | D:6      | Reached skill level 8 in Stealth
  9446 | D:6      | Noticed Duvessa
  9446 | D:6      | Noticed Dowan
  9450 | D:6      | Killed Dowan
  9506 | D:6      | Killed Duvessa
  9656 | D:6      | Found a sacrificial altar of Ru.
  9738 | D:6      | Killed from afar by an orc wizard

Levels and vault maps discovered:
D:1:      evilmike_arrival_run_for_it, layout_rooms, minmay_octomino_c4
D:2:      kennysheep_six_static_rooms, layout_loops_cross,
          yredelemnul_altar_generic, first_ration, st_stairs_7
D:3:      layout_basic
D:4:      layout_basic
D:5:      layout_basic, minmay_temple_entry_gardened_gates
D:6:      layout_basic, kennysheep_mini_moat, lemuel_round_altar,
          elyvilon_altar_5, chequers_temple_overflow_statue_of_worship,
          feat_on_display, uniq_duvessa, uniq_eustachio
Temple:   regret_index_temple_generic_petals

Skill      XL: |  1  2  3  4  5  6  7  8 |
---------------+-------------------------+-----
Short Blades   | 2 3 4 5 6 |  6.8
Spellcasting   | 3 4 5 |  5.8
Hexes          | 4 5 6 |  6.3
Stealth        | 5 6 7 8 |  8.2
Dodging        | 4 5 6 |  6.9
Ice Magic      | 1 2 |  2.0

Action                   |  1- 3 |  4- 6 |  7- 9 || total
-------------------------+-------+-------+-------++-------
Melee: Dagger            |   130 |   280 |   215 ||   625
       Short sword       |    15 |       |       ||    15
 Fire: Hunting sling     |     6 |    18 |    11 ||    35
Throw: Stone             |    14 |       |     5 ||    19
 Cast: Corona            |     3 |       |       ||     3
       Ensorcelled Hiber |    33 |    27 |    36 ||    96
       Confuse           |     1 |     3 |     4 ||     8
  Use: Scroll            |       |    12 |     4 ||    16
 Stab: Sleeping          |    26 |    25 |    19 ||    70
       Distracted        |     2 |     1 |     1 ||     4
       Confused          |     1 |     2 |       ||     3
  Eat: Ration            |       |     4 |     1 ||     5
Armor: Robe              |    11 |    14 |     6 ||    31
Dodge: Dodged            |   114 |   214 |   164 ||   492

Table legend:
 A = Non-vault XP
 B = Vault XP
 C = Vault XP percentage of total XP
 D = Non-vault monster count
 E = Vault monster count
 F = Vault count percentage of total count
                 A         B        C        D         E       F
            +---------+---------+-------+---------+---------+-------
      Total |    1960 |     452 |  18.7 |     133 |      19 |  12.5
            +---------+---------+-------+---------+---------+-------
        D:1 |      53 |      21 |  28.4 |      30 |       9 |  23.1
        D:2 |     115 |      22 |  16.1 |      28 |       7 |  20.0
        D:3 |      90 |       0 |   0.0 |      21 |       0 |   0.0
        D:4 |     407 |       0 |   0.0 |      18 |       0 |   0.0
        D:5 |     505 |       0 |   0.0 |      19 |       0 |   0.0
        D:6 |     790 |     409 |  34.1 |      17 |       3 |  15.0
            +---------+---------+-------+---------+---------+-------
